 Dungeon Crawl Stone Soup version 0.29-a0-416-g83a48905f1 (webtiles) character file.

Game seed: 2082616281226704925

19 siradein the Grave Robber (level 2, -2/19 HPs)
             Began as a Demonspawn Necromancer on May 16, 2022.
             Slain by Terence
             ... wielding a +0 mace
              (9 damage)
             ... on level 2 of the Dungeon.
             The game lasted 00:02:05 (1146 turns).

siradein the Grave Robber (Demonspawn Necromancer)  Turns: 1146, Time: 00:02:06

Health: -2/19      AC:  3    Str:  8    XL:     2   Next: 55%
Magic:  1/5        EV: 12    Int: 16    God:
Gold:   98         SH:  0    Dex: 13    Spells: 5/6 levels left

rFire   . . .      SeeInvis .   g - +0 dagger
rCold   . . .      Faith    .   (no shield)
rNeg    . . .      Spirit   .   a - +0 robe
rPois   .          Reflect  .   (no helmet)
rElec   .          Harm     .   (no cloak)
rCorr   .          Rampage  .   f - +0 pair of gloves
Will    .....                   (no boots)
Stlth   ++........              (no amulet)
HPRegen 0.06/turn               (no ring)
MPRegen 0.09/turn               (no ring)

@: no status effects
A: powered by death 1
a: no special abilities


You were on level 2 of the Dungeon.
You visited 1 branch of the dungeon, and saw 2 of its levels.

You collected 98 gold pieces.

Inventory:

Hand Weapons
 g - a +0 dagger (weapon)
Armour
 a - a +0 robe (worn)
 f - a +0 pair of gloves (worn)
Scrolls
 c - a scroll of fog {unknown}
 e - a scroll of immolation {unknown}
 h - a scroll of vulnerability {unknown}
Potions
 b - a potion of magic
 d - a potion of brilliance {unknown}


   Skills:
 - Level 1.7 Dodging
 - Level 1.7 Stealth
 + Level 2.5 Spellcasting
 + Level 4.8 Necromancy


You had 5 spell levels left.
You knew the following spells:

 Your Spells              Type           Power      Damage    Failure   Level
a - Pain                  Necr           68%        1d7       2%          1

Your spell library contained the following spells:

 Spells                   Type           Power      Damage    Failure   Level
 Animate Skeleton         Necr           34%        N/A       2%          1
 Vampiric Draining        Necr           17%        2d7       8%          3
 Animate Dead             Necr           8%         N/A       26%         4
 Agony                    Necr           17%        N/A       58%         5


Dungeon Overview and Level Annotations

Branches:
Dungeon (2/15)

Altars:

Annotations:
D:2 Terence


Innate Abilities, Weirdness & Mutations

You regenerate a little health from kills.


Message History

Partly explored, can't reach some places.
(D) Dungeon
Where to? (? - help)
What level of the Dungeon? (default 1, ? - help)
There is a stone staircase leading down here.
You climb downwards.
Found 13 gold pieces.
Found a stone staircase leading up.
There is a stone staircase leading up here.
There are monsters nearby!
The giant cockroach writhes in agony.
You kill the giant cockroach!
The endoplasm quivers.
The endoplasm writhes in agony!
You kill the endoplasm!
HP restored.
Magic restored.
You now have 98 gold pieces (gained 13).
You open the door.
There is an open door here.
You open the door.
Found a stone staircase leading down.
There is an open door here.
Terence the Incautious comes into view.
He is wielding a +0 mace and wearing a +0 scale mail of cold resistance.
Found 13 gold pieces.
Terence shouts!
You hear a shout!
Terence is nearby!
Terence is nearby!
Terence barely resists.
Terence writhes in agony.
Terence barely resists.
Terence writhes in agony.
Terence writhes in agony.
Terence drinks a potion.
Terence is healed!
You barely miss Terence.
Terence is moderately wounded.
Terence misses you. Terence attacks as you move away!
Terence hits you with a +0 mace!
There is an open door here.
Terence shouts, "Get ready for death!"
Terence attacks as you move away! Terence hits you with a +0 mace!
You die...

...⌠.# ##.⌠...
#.... #....#
#...###...#
#....#....#
#.......#
#.<.⌠.<.#
#.......##
#....#....#
#...###.@.##
#....
#.@..#######
...⌠.
##.⌠.'.....#
.#...#.
#...#####...
##+##$..##'##
........#
..............#
......>.......#
.....#######..#


You could see Terence.

Vanquished Creatures
  A bat (D:1)
  4 endoplasms
  3 giant cockroaches
  3 hobgoblins (D:1)
  3 ball pythons (D:1)
  A frilled lizard (D:1)
  A kobold (D:1)
  A rat (D:1)
17 creatures vanquished.

Notes
Turn   | Place    | Note
-------+----------+-------------------------------------------
     0 | D:1      | siradein the Demonspawn Necromancer began the quest for the
                  | Orb.
     0 | D:1      | Reached XP level 1. HP: 13/13 MP: 3/3
   486 | D:1      | Gained mutation: You regenerate a little health from kills.
                  | [demonic ancestry]
   486 | D:1      | Reached XP level 2. HP: 18/19 MP: 3/5
  1134 | D:2      | Noticed Terence
  1146 | D:2      | Slain by Terence

Illustrated notes

Levels and vault maps discovered:
D:1:      eino_arrival_cavern_b, layout_basic
D:2:      layout_rooms, grunt_ministairs_13, uniq_sigmund, uniq_terence

Action                   || total
-------------------------++-------
Melee: Dagger            ||     1
 Cast: Pain              ||    32
Dodge: Dodged            ||     2

Table legend: (Time is in decaauts)
 A = Elapsed time spent in this place.
 B = Non-inter-level travel time spent in this place.
 C = Inter-level travel time spent in this place.
 D = Time resting spent in this place.
 E = Time spent auto-exploring this place.
 F = Levels seen in this place.
 G = Mean time per level.
                   A        B        C        D        E       F      G
               +--------+--------+--------+--------+--------+-----+--------+
         Total |   1147 |   1128 |     19 |      0 |   1005 |   2 |  573.5 |
       Dungeon |   1147 |   1128 |     19 |      0 |   1005 |   2 |  573.5 |
               +--------+--------+--------+--------+--------+-----+--------+

Top non-repeatable levels by time:
     D:1: 1099 daAuts
     D:2: 47 daAuts
